 Dungeon Crawl Stone Soup version 0.26.1-2-gb8aa6d0cf2 (webtiles) character file.

Game seed: 4828219704917175930

63956 zcampers the Fighter (level 14, -1/119 HPs)
             Began as a Minotaur Berserker on Mar 25, 2021.
             Was a High Priest of Trog.
             Killed from afar by an electric eel (14 damage)
             ... with a bolt of electricity
             ... on level 6 of the Lair of Beasts on Mar 26, 2021.
             The game lasted 00:33:15 (19932 turns).

zcampers the Fighter (Minotaur Berserker)          Turns: 19932, Time: 00:33:15

Health: -1/119     AC: 22    Str: 34    XL:     14   Next: 70%
Magic:  13/13      EV: 20    Int:  8    God:    Trog [*****.]
Gold:   1274       SH:  9    Dex: 11    Spells: 13/13 levels left

rFire    . . .     SeeInvis .   I - +3 broad axe (flame)
rCold    . . .     Faith    +   y - +3 buckler of Mezcal {rPois Regen+ Str+3}
rNeg     + . .     Spirit   .   E - +1 plate armour {rPois}
rPois    +         Reflect  .   (helmet restricted)
rElec    .         Harm     .   B - +1 cloak of Starlight {*Dazzle EV+4 Stlth--}
rCorr    .         Rampage  .   H - +1 pair of gloves {Str+3}
Will     ++...     Clarity  +   (no boots)
Stlth    ..........             p - amulet of faith
HPRegen  0.69/turn              i - ring of positive energy
MPRegen  0.13/turn              t - +6 ring of strength

@: lethally poisoned (-1 -> -8), very slow
A: retaliatory headbutt, horns 2, clarity, frail 1, strong-willed 1, sturdy
frame 1
a: Renounce Religion, Berserk, Trog's Hand, Brothers in Arms


You were on level 6 of the Lair of Beasts.
You worshipped Trog.
Trog was extremely pleased with you.
You visited 2 branches of the dungeon, and saw 17 of its levels.
You also visited: Gauntlet.

You collected 1513 gold pieces.
You spent 239 gold pieces at shops.

Inventory:

Hand Weapons
 c - a +3 hand axe of venom
 I - a +3 broad axe of flaming (weapon)
Missiles
 n - 22 boomerangs (quivered)
Armour
 y - the +3 buckler of Mezcal (worn) {rPois Regen+ Str+3}
   (You found it in a Gauntlet)

   It affects your strength (+3).
   It protects you from poison.
   It increases your rate of regeneration.
 A - a scarf of resistance
 B - the +1 cloak of Starlight (worn) {*Dazzle EV+4 Stlth--}
   (You found it in a Gauntlet)

   It affects your evasion (+4).
   It makes you much less stealthy.
 D - the +2 shield of Resistance {rF++ rC++ Will++}
   (You found it on level 2 of the Lair of Beasts)

   It greatly protects you from fire.
   It greatly protects you from cold.
   It affects your willpower, your defense against some magical effects.
 E - a +1 plate armour of poison resistance (worn)
 H - a +1 pair of gloves of strength (worn)
Jewellery
 d - an uncursed ring of ice
 i - a ring of positive energy (left hand)
 p - an amulet of faith (around neck)
 t - a +6 ring of strength (right hand)
 G - an uncursed ring of resist corrosion
Wands
 a - a wand of polymorph (18)
 g - a wand of paralysis (12)
 l - a wand of acid (27)
 u - a wand of flame (32)
 v - a wand of random effects (66)
 C - a wand of iceblast (4)
 F - a wand of digging (13)
Scrolls
 b - 6 scrolls of teleportation
 f - a scroll of enchant armour {unknown}
 h - 12 scrolls of identify
 k - 3 scrolls of fear
 o - 3 scrolls of blinking
 q - 7 scrolls of magic mapping
 s - 6 scrolls of remove curse
Potions
 j - 4 potions of flight
 m - 6 potions of curing
 w - 3 potions of magic
 x - 2 potions of heal wounds
 z - a potion of ambrosia
Miscellaneous
 e - a phial of floods


   Skills:
 + Level 14.9 Fighting
 + Level 14.9 Axes
 + Level 14.6 Armour
 + Level 13.6 Dodging
 + Level 9.5 Shields


You had 13 spell levels left.
You didn't know any spells.
Your spell library was empty.

Dungeon Overview and Level Annotations

Branches:
Dungeon (11/15)            Temple (0/1) D:7            Lair (6/6) D:9
 Shoals (0/4) Lair:2       Spider (0/4) Lair:3          Orc (0/2) D:11
Gauntlet (visited)
  Slime: Lair:5-6

Altars:
Dithmenos
Wu Jian
Beogh

Shops:
D:4 ?   D:7 *

Annotations:
D:8 3 runed translucent doors, MyelinatedAxon's ghost, novice HOGl
Lair:5 3 runed translucent doors, phiIosophr's ghost, journeyman DrCj


Innate Abilities, Weirdness & Mutations

You reflexively headbutt those who attack you in melee.
You have a pair of horns on your head.
You possess an exceptional clarity of mind.
You are frail. (-10% HP)
You are strong-willed. (Will+)
Your movements are slightly less encumbered by armour. (ER -2)


Message History

The bolt of electricity hits you.
The cane toad stings you but does no damage.
Okay, then.
You enter the shallow water.
Moving in this stuff is going to be slow.
You feel sick. The cane toad stings you!
* * * LOW HITPOINT WARNING * * *
You block the cane toad's attack.
You slash the fungus!
The fungus begins to die.
You burn the fungus. You headbutt the fungus.
The fungus is lightly damaged.
You hit the cane toad. You burn the cane toad. The cane toad stings you!
* * * LOW HITPOINT WARNING * * *
You are more poisoned.
The cane toad poisons you!
Your unstable footing causes you to fumble your attack.
You feel sick. The cane toad completely misses you.
The electric eel shoots out a bolt of lightning at you!
The bolt of electricity hits you!
You die...

#######≈≈.≈≈≈≈
####..≈)†;≈≈≈≈≈≈≈≈≈≈≈
####≈.≈≈.≈≈††#≈≈≈P≈≈≈≈≈≈
#≈.≈≈≈≈≈≈≈††≈####≈≈≈≈≈≈≈
#..≈≈≈≈≈≈≈≈≈###≈≈≈≈.≈≈≈≈
#.....≈≈≈≈≈###≈≈≈≈≈≈≈≈≈≈
#..≈≈...≈≈≈≈≈#≈≈≈≈≈≈≈≈≈.
##.≈..≈F...≈≈≈≈≈≈......≈
#.#P.P≈@...≈.≈.††≈≈.≈..#
####..P.......≈.≈....###
#.P....#.........##
##...######.#.##.####
#....P..........††..
#...........#..#††#.
#..............††...
##.......#.....†....
##..#..............


You could see a cane toad and an electric eel.

Vanquished Creatures
  A minotaur (Gauntlet)
  12 hydras
  Harold (D:7)
  A great orb of eyes (Gauntlet)
  Erica (D:8)
  The ghost of Havoc the Destroyer, a journeyman DrAE of Fedhas (D:11)
  2 two-headed ogres
  9 death yaks
  An unseen horror (D:10)
  A wizard (D:11)
  Pikel (D:9)
  3 ugly things
  A manticore (D:11)
  Joseph (D:7)
  2 merfolk sirens (Lair:2)
  3 black mambas
  6 elephants (Lair:5)
  A gargoyle (D:11)
  19 cane toads
  Maggie (D:6)
  2 rime drakes
  7 komodo dragons
  2 tyrant leeches (Lair:6)
  A polar bear (Lair:4)
  2 merfolk (Lair:2)
  2 trolls
  Prince Ribbit (D:5)
  A hornet (D:10)
  20 blink frogs
  4 dream sheep (Lair:6)
  A meliai zombie (D:11)
  3 large abominations (Gauntlet)
  A shadow (D:11)
  4 hogs (D:9)
  3 wyverns
  A basilisk (Lair:6)
  8 humans
  42 yaks
  A steam dragon (D:11)
  Eustachio (D:4)
  Grum (D:9)
  5 vampire mosquitoes (Lair:6)
  3 wargs (D:11)
  Edmund (D:8)
  Duvessa (D:5)
  10 water moccasins
  10 orc warriors
  4 ice beasts
  2 sky beasts (D:8)
  2 black bears
  A phantom (D:8)
  A hornet zombie (D:7)
  4 necrophages
  2 ogres
  28 wolves
  9 centaurs
  3 lemures (D:9)
  A big kobold (D:5)
  27 bullfrogs
  A gnoll sergeant (D:8)
  A wyvern zombie (D:8)
  4 scorpions
  3 small abominations (Gauntlet)
  A wyvern skeleton (D:10)
  Dowan (D:5)
  4 wights (D:8)
  3 electric eels
  6 howler monkeys
  A centaur zombie (D:9)
  A quasit (D:8)
  3 jellies
  A bullfrog zombie (D:8)
  9 hounds
  15 orc priests
  5 bullfrog skeletons
  2 hell rats (D:8)
  2 iguanas
  19 orc wizards
  13 worker ants
  A killer bee zombie (D:7)
  2 hound zombies
  2 hound skeletons
  A howler monkey skeleton (D:2)
  6 gnolls
  8 adders
  A river rat (D:8)
  2 shadow imps
  4 white imps
  3 ufetubi
  2 adder zombies
  2 adder skeletons
  5 worms
  A dart slug (D:4)
  3 leopard geckos
  61 orcs
  5 giant cockroaches
  7 hobgoblins
  3 jackals
  9 kobolds
  9 quokkas
  A ball python (D:4)
  3 bats
  8 frilled lizards
  8 goblins
  10 rats
552 creatures vanquished.

Vanquished Creatures (collateral kills)
  A hydra (Lair:6)
  Nergalle (Lair:3)
  A black mamba (Lair:3)
  3 cane toads (Lair:6)
  2 blink frogs (Lair:6)
  2 yaks (Lair:3)
  A bullfrog (Lair:6)
  A scorpion (Lair:3)
  A worker ant (Lair:3)
  A worm (Lair:3)
  A giant cockroach (Lair:3)
15 creatures vanquished.

Vanquished Creatures (others)
  An orc (D:11)
  33 fungi
  92 plants
126 creatures vanquished.

Grand Total: 693 creatures vanquished

Notes
Turn   | Place    | Note
-------+----------+-------------------------------------------
     0 | D:1      | zcampers the Minotaur Berserker began the quest for the
                  | Orb.
     0 | D:1      | Reached XP level 1. HP: 19/19 MP: 0/0
  1007 | D:2      | Reached XP level 2. HP: 27/27 MP: 1/1
  1104 | D:2      | Found a shadowy altar of Dithmenos.
  1126 | D:2      | Reached XP level 3. HP: 31/33 MP: 2/2
  1280 | D:2      | Reached ** piety under Trog
  1411 | D:2      | Reached XP level 4. HP: 35/41 MP: 3/3
  1679 | D:2      | Gained mutation: You are strong-willed. (Will+) [potion of
                  | mutation]
  1679 | D:2      | Gained mutation: You evolve. [potion of mutation]
  2526 | D:3      | Gained mutation: You are highly strong-willed. (Will++)
                  | [evolution]
  2865 | D:4      | Noticed Eustachio
  2872 | D:4      | Killed Eustachio
  2873 | D:4      | Reached skill level 5 in Fighting
  2873 | D:4      | Reached skill level 5 in Axes
  2873 | D:4      | Reached XP level 5. HP: 48/48 MP: 4/4
  2992 | D:4      | Reached XP level 6. HP: 42/56 MP: 5/5
  3005 | D:4      | Reached *** piety under Trog
  3370 | D:4      | Noticed an orc warrior
  3385 | D:4      | Killed an orc warrior
  3386 | D:4      | Reached XP level 7. HP: 19/62 MP: 6/6
  3723 | D:4      | Found Nitun's Magic Scroll Shoppe.
  3728 | D:4      | Bought a scroll of blinking for 97 gold pieces
  3728 | D:4      | Bought a scroll of magic mapping for 45 gold pieces
  3728 | D:4      | Bought a scroll of enchant weapon for 97 gold pieces
  3848 | D:4      | Reached skill level 5 in Armour
  4195 | D:5      | Entered Level 5 of the Dungeon
  4573 | D:5      | Noticed Prince Ribbit
  4595 | D:5      | Killed Prince Ribbit
  4596 | D:5      | Reached skill level 5 in Dodging
  4789 | D:5      | Noticed Duvessa
  4789 | D:5      | Noticed Dowan
  4813 | D:5      | Killed Dowan
  4814 | D:5      | Killed Duvessa
  4879 | D:5      | Found an ornate altar of the Wu Jian Council.
  4899 | D:5      | Reached XP level 8. HP: 52/71 MP: 7/7
  6180 | D:6      | Reached XP level 9. HP: 81/81 MP: 8/8
  6725 | D:7      | Reached **** piety under Trog
  6796 | D:7      | Noticed Maggie
  6831 | D:6      | Killed Maggie
  6884 | D:7      | Noticed Harold
  6902 | D:7      | Killed Harold
  6921 | D:7      | Noticed Joseph
  6948 | D:7      | Killed Joseph
  6949 | D:7      | Reached XP level 10. HP: 73/91 MP: 9/9
  7090 | D:7      | Found a staircase to the Ecumenical Temple.
  7139 | D:7      | Gained mutation: You possess an exceptional clarity of
                  | mind. [evolution]
  7263 | D:7      | Found Oxzotiaj's Assorted Antiques.
  7510 | D:8      | Noticed Erica
  7528 | D:8      | Killed Erica
  7668 | D:8      | Noticed a two-headed ogre
  7680 | D:8      | Killed a two-headed ogre
  7681 | D:8      | Reached skill level 10 in Fighting
  7681 | D:8      | Reached skill level 10 in Axes
  7875 | D:8      | Gained mutation: Your body sometimes deteriorates upon
                  | taking damage. [evolution]
  7972 | D:8      | Lost mutation: Your body sometimes deteriorates upon taking
                  | damage. [potion of mutation]
  7972 | D:8      | Lost mutation: You evolve. [potion of mutation]
  7972 | D:8      | Lost mutation: You are highly strong-willed. (Will++)
                  | [potion of mutation]
  7972 | D:8      | Gained mutation: You are frail. (-10% HP) [potion of
                  | mutation]
  7972 | D:8      | Gained mutation: Your movements are slightly less
                  | encumbered by armour. (ER -2) [potion of mutation]
  8133 | D:8      | Reached skill level 1 in Shields
  8219 | D:8      | Found a runed translucent gate.
  8220 | D:8      | Found a runed translucent gate.
  8220 | D:8      | Noticed MyelinatedAxon's ghost (novice HOGl)
  8221 | D:8      | Found a runed translucent gate.
  8222 | D:8      | Identified the +6 whip of the Forsaken Hosts {pain, rElec
                  | rPois}
  8286 | D:8      | Noticed Edmund
  8326 | D:8      | Reached skill level 10 in Armour
  8361 | D:8      | Killed Edmund
  8413 | D:8      | Reached XP level 11. HP: 31/90 MP: 10/10
  9420 | D:9      | Found a staircase to the Lair.
  9420 | D:9      | Noticed a death yak
  9422 | D:9      | Noticed a death yak
  9443 | D:8      | Killed a death yak
  9524 | D:9      | Noticed a death yak
  9870 | D:8      | Killed a death yak
  9871 | D:8      | Reached skill level 10 in Dodging
  9873 | D:8      | Killed a death yak
 10305 | D:9      | Noticed a two-headed ogre
 10315 | D:9      | Killed a two-headed ogre
 10684 | D:9      | Noticed Pikel
 10760 | D:9      | Killed Pikel
 11301 | D:10     | Entered Level 10 of the Dungeon
 12021 | D:10     | Killed an unseen horror
 12022 | D:10     | Reached XP level 12. HP: 56/100 MP: 11/11
 12467 | D:11     | Found a staircase to the Orcish Mines.
 12563 | D:11     | Reached ***** piety under Trog
 12615 | D:11     | Found a runed translucent gate.
 12615 | D:11     | Found a runed translucent gate.
 12615 | D:11     | Noticed Havoc's ghost (journeyman DrAE)
 12616 | D:11     | Found a roughly hewn altar of Beogh.
 12616 | D:11     | Found a runed translucent gate.
 12798 | D:11     | Found a gate leading to a gauntlet.
 12824 | Gauntlet | Entered a Gauntlet
 12824 | Gauntlet | Found a transporter.
 12835 | Gauntlet | Noticed a great orb of eyes
 12836 | Gauntlet | Found a transporter.
 12837 | Gauntlet | Noticed an entropy weaver
 12838 | Gauntlet | Found a transporter.
 12983 | Gauntlet | Found a transporter.
 12988 | Gauntlet | Found a transporter.
 12988 | Gauntlet | Found a transporter.
 12994 | Gauntlet | Found a transporter.
 12998 | Gauntlet | Found the +1 cloak of Starlight {*Dazzle EV+4 Stlth--}
 13017 | Gauntlet | Found a transporter.
 13019 | Gauntlet | Noticed a four-headed hydra
 13058 | Gauntlet | Found a transporter.
 13065 | Gauntlet | Found a runed translucent gate.
 13066 | Gauntlet | Found a transporter.
 13066 | Gauntlet | Found a runed translucent gate.
 13066 | Gauntlet | Noticed a dire elephant
 13071 | Gauntlet | Found a transporter.
 13079 | Gauntlet | Found a runed translucent gate.
 13091 | Gauntlet | Found the amulet of Vitality {Regen+ HP+15}
 13122 | Gauntlet | Found a transporter.
 13362 | Gauntlet | Killed a great orb of eyes
 13720 | Gauntlet | Identified the cursed +1 scale mail "Vuezur" {*Contam rElec
                  | rF+ Int+5}
 13720 | Gauntlet | Noticed a minotaur
 13751 | Gauntlet | Killed a minotaur
 13982 | Gauntlet | Got a jewelled buckler
 13985 | Gauntlet | Identified the +3 buckler of Mezcal {rPois Regen+ Str+3}
                  | (You found it in a Gauntlet)
 14642 | D:11     | Killed Havoc's ghost
 14669 | D:11     | Got a crude chain mail
 14686 | D:11     | Identified the +5 chain mail of the Unbroken {+Blink rPois
                  | Str+8 Slay-3} (You found it on level 11 of the Dungeon)
 14795 | Lair:1   | Entered Level 1 of the Lair of Beasts
 14795 | Lair:1   | Noticed Grum
 14803 | D:9      | Killed Grum
 14981 | Lair:1   | Reached skill level 5 in Shields
 15082 | Lair:1   | Noticed an eight-headed hydra
 15094 | Lair:1   | Killed a 13-headed hydra
 15095 | Lair:1   | Reached XP level 13. HP: 109/109 MP: 12/12
 15657 | Lair:2   | Found a staircase to the Shoals.
 15897 | Lair:2   | You fall into a shaft and drop 1 floor!
 15981 | Lair:3   | Noticed Nergalle
 15995 | Lair:3   | Killed Nergalle
 16069 | Lair:3   | Found a hole to the Spider Nest.
 16405 | Lair:2   | Found the +2 shield of Resistance {rF++ rC++ Will++}
 17034 | Lair:3   | You fall into a shaft and drop 2 floors!
 17280 | Lair:4   | Received a gift from Trog
 17296 | Lair:4   | Identified Maushob's Disquisition on Igneous Bewitchment
 17833 | Lair:4   | Reached XP level 14. HP: 118/118 MP: 13/13
 18634 | Lair:5   | Found a runed translucent gate.
 18638 | Lair:5   | Found a runed translucent gate.
 18639 | Lair:5   | Found a runed translucent gate.
 18667 | Lair:5   | Noticed phiIosophr's ghost (journeyman DrCj)
 19477 | Lair:6   | Entered Level 6 of the Lair of Beasts
 19653 | Lair:6   | Received a gift from Trog
 19891 | Lair:6   | Received a gift from Trog
 19932 | Lair:6   | Killed from afar by an electric eel

Illustrated notes

Levels and vault maps discovered:
D:1:      wheals_arrival_linesprint, layout_loops_ring, serial_forest,
          infiniplex_forest_end_3, infiniplex_forest_clump_C,
          infiniplex_forest_clump_cross, infiniplex_forest_zigzag_1,
          infiniplex_forest_straight_4, infiniplex_forest_corner_2,
          infiniplex_forest_corner_2
D:2:      layout_rooms, nicolae_dithmenos_shadow_blocks
D:3:      layout_basic
D:4:      layout_basic, serial_shops, kennysheep_mini_moat, uniq_eustachio
D:5:      minmay_bubble_buster, layout_loops_cross, lemuel_doored_altar,
          uniq_prince_ribbit1, uniq_blork_the_orc, uniq_duvessa
D:6:      layout_loops_ring
D:7:      layout_layer_cave, minmay_temple_entry_statues_fountains,
          serial_shops, shop_fountains, uniq_maggie, uniq_joseph, uniq_harold
D:8:      erik_cavepeople, layout_basic, gammafunk_ghost_nasty_kobolds,
          uniq_erica
D:9:      layout_cave_pods, dpeg_lair_monsters, grunt_livestock, uniq_pikel
D:10:     layout_rooms
D:11:     layout_roguey, erik_orc_3, biasface_ghost_orc_armoury,
          gauntlet_entry_generic
Lair:1:   layout_roguey, chequers_serial_rivers_large_a,
          hangedman_lair_unloving_vines, uniq_grum
Lair:2:   layout_misc_corridors, elwin_shoals_entry_stream, grunt_megastairs_2
Lair:3:   layout_cave_pods, nicolae_spider_entry_non_spiders, lemuel_fruit_tree,
          infiniplex_staircase_pool, serial_bayou_shore_b, uniq_nergalle
Lair:4:   layout_loops_ring, chequers_serial_rivers_small_3
Lair:5:   layout_gridlike, gammafunk_ghost_icy, kennysheep_catoblepas_arena
Lair:6:   minmay_lair_end_frog_pond, layout_loops_ring, slime_altar_1,
          st_stairs_12, columned_hall_lemuel

Skill      XL: |  1  2  3  4  5  6  7  8  9 10 11 12 13 14 |
---------------+-------------------------------------------+-----
Axes           | 4 5 6 7 9 10 12 13 14 | 14.9
Fighting       | 4 5 6 7 9 10 12 13 14 | 14.9
Armour         | 3 4 5 7 9 10 11 12 13 14 | 14.6
Dodging        | 3 4 5 6 8 9 10 12 13 | 13.6
Shields        | 3 4 5 7 9 |  9.5

Action                   |  1- 3 |  4- 6 |  7- 9 | 10-12 | 13-15 || total
-------------------------+-------+-------+-------+-------+-------++-------
Melee: Hand axe          |    79 |   114 |   299 |   924 |   435 ||  1851
       Headbutt          |     6 |    13 |    62 |   195 |   167 ||   443
       Broad axe         |       |       |       |       |    69 ||    69
Invok: Trog's Hand       |       |     5 |    14 |    22 |     8 ||    49
       Berserk           |       |     4 |     5 |    15 |    14 ||    38
       Brothers in Arms  |       |       |       |     3 |     2 ||     5
Evoke: Wand              |       |       |       |     1 |       ||     1
  Use: Potion            |       |     7 |     1 |     7 |     2 ||    17
       Scroll            |       |     4 |     4 |     7 |     5 ||    20
 Stab: Invisible         |       |       |       |    10 |    16 ||    26
       Paralysed         |       |       |       |     4 |       ||     4
Armor: Ring mail         |    22 |    33 |    34 |       |       ||    89
       Chain mail        |       |       |    93 |   157 |       ||   250
       Plate armour      |       |       |       |   159 |   197 ||   356
Dodge: Dodged            |    47 |    88 |   147 |   445 |   524 ||  1251
       Repelled          |       |       |       |     5 |       ||     5
Block: Buckler           |       |       |       |   160 |   263 ||   423
